 Dungeon Crawl Stone Soup version 0.27-a0-1273-gec92ba881d (webtiles) character file.

Game seed: 16936860332708756562

38 night the Chiller (level 3, -2/21 HPs)
             Began as an Octopode Ice Elementalist on June 11, 2021.
             Slain by an adder (3 damage)
             ... on level 2 of the Dungeon.
             The game lasted 00:02:34 (1251 turns).

night the Chiller (Octopode Ice Elementalist)       Turns: 1251, Time: 00:02:35

Health: -2/21      AC:  1    Str:  7    XL:     3   Next: 43%
Magic:  7/7        EV: 13    Int: 18    God:
Gold:   37         SH:  0    Dex: 12    Spells: 0/7 levels left

rFire    . . .     SeeInvis .   a - +1 dagger (venom)
rCold    . . .     Faith    .   (no shield)
rNeg     . . .     Spirit   .   (helmet restricted)
rPois    .         Reflect  .   (no amulet)
rElec    .         Harm     .   (no ring)
rCorr    .         Rampage  .   (no ring)
Will     .....                  (no ring)
Stlth    +++.......             (no ring)
HPRegen  0.07/turn              (no ring)
MPRegen  0.10/turn              (no ring)
                                (no ring)
                                (no ring)

@: hasted, very quick
A: almost no armour, amphibious, 8 rings, camouflage 1, gelatinous body 1,
(nimble swimmer 1), tentacles
a: no special abilities


You were on level 2 of the Dungeon.
You visited 1 branch of the dungeon, and saw 2 of its levels.

You collected 37 gold pieces.

Inventory:

Hand Weapons
 a - a +1 dagger of venom (weapon)
Missiles
 c - 13 stones
 d - 36 sling bullets
Potions
 f - a potion of resistance {unknown}


   Skills:
 - Level 2.0 Dodging
 - Level 2.6 Stealth
 + Level 2.8 Spellcasting
 + Level 4.6 Ice Magic


You couldn't memorise any spells.
You knew the following spells:

 Your Spells              Type           Power      Damage    Failure   Level
a - Freeze                Ice            76%        1d9       2%          1
b - Frozen Ramparts       Ice            38%        1d5       8%          3
c - Ozocubu's Armour      Ice            19%        N/A       8%          3

Your spell library contained the following spells:

 Spells                   Type           Power      Damage    Failure   Level
 Hailstorm                Conj/Ice       10%        3d5       54%         4
 Metabolic Englaciation   Hex/Ice        5%         N/A       87%         5


Dungeon Overview and Level Annotations

Branches:
Dungeon (2/15)

Altars:


Innate Abilities, Weirdness & Mutations

You cannot wear most types of armour.
You are amphibious.
You can wear up to eight rings at the same time.
Your skin changes colour to match your surroundings (Stealth+).
Your rubbery body absorbs attacks. (AC +1, EV +1)
((You are camouflaged near water. (Stealth+)))
You have tentacles for arms and can constrict up to eight enemies at once.


Message History

The helpless hobgoblin fails to defend itself.
You puncture the hobgoblin!
You kill the hobgoblin!
No target in view!
The helpless quokka fails to defend itself.
You puncture the quokka!
You kill the quokka!
As you read the scroll labelled LABBIOXK ZAOTU, it crumbles to dust.
It is a scroll of enchant armour.
You aren't carrying any armour which can be enchanted further.
You see here a quokka corpse.
An endoplasm comes into view.
An adder comes into view.
Found 9 bolts.
A rat comes into view.
The endoplasm quivers.
The endoplasm freezes you.
You are frozen.
You barely miss the endoplasm.
The adder hisses angrily.
The endoplasm freezes you.
You are frozen.
You hit the endoplasm.
The endoplasm is lightly wounded.
The endoplasm freezes you.
You are frozen.
The adder bites you.
* * * LOW HITPOINT WARNING * * *
You are poisoned.
The adder poisons you!
You feel sick. The adder barely misses you.
You feel sick.
You feel sick. The adder bites you.
* * * LOW HITPOINT WARNING * * *
It was a potion of haste.
You feel yourself speed up.
* * * LOW HITPOINT WARNING * * *
You feel sick.
You are no longer poisoned.
The adder bites you.
You die...

... .(.. #..##
#..######
#....##.......#
#..#..#........
#..##.#........
#..............
#....Jr........
#####S##..##.#.
#@# .......
#.###......
#...####...
###.####.###
#.†........
#.#.#.#..##
#.#.#.#..# #
#.#......#
......##.#.## #


You could see an adder, an endoplasm and a rat.

Vanquished Creatures
  3 dart slugs
  2 endoplasms
  A giant cockroach (D:1)
  2 hobgoblins
  3 jackals (D:2)
  3 kobolds (D:1)
  2 quokkas
  4 ball pythons
  4 bats
  A frilled lizard (D:1)
  3 goblins (D:1)
  3 rats (D:1)
31 creatures vanquished.

Notes
Turn   | Place    | Note
-------+----------+-------------------------------------------
     0 | D:1      | night the Octopode Ice Elementalist began the quest for the
                  | Orb.
     0 | D:1      | Reached XP level 1. HP: 11/11 MP: 3/3
   376 | D:1      | Reached XP level 2. HP: 17/17 MP: 5/5
   408 | D:1      | HP: 2/17 [goblin/+0 club (2)]
   967 | D:1      | Reached XP level 3. HP: 21/21 MP: 6/6
   971 | D:1      | Learned a level 3 spell: Frozen Ramparts
   975 | D:1      | Learned a level 3 spell: Ozocubu's Armour
  1250 | D:2      | HP: 2/21 [adder (2)]
  1251 | D:2      | Slain by an adder

Illustrated notes

Levels and vault maps discovered:
D:1:      wander_arrival_abandoned_jail, layout_rooms,
          amcnicky_mini_rare_corridor_liquid
D:2:      layout_loops_cross, hellmonk_ecumenical_altar_run_dry

Action                   || total
-------------------------++-------
Melee: Dagger            ||    50
       Constrict         ||    12
       Tentacles         ||     8
 Cast: Freeze            ||     5
  Use: Scroll            ||     1
       Potion            ||     1
 Stab: Sleeping          ||    11
Armor: Skin              ||     2
Dodge: Dodged            ||    29

Table legend: (Time is in decaauts)
 A = Elapsed time spent in this place.
 B = Non-inter-level travel time spent in this place.
 C = Inter-level travel time spent in this place.
 D = Time resting spent in this place.
 E = Time spent auto-exploring this place.
 F = Levels seen in this place.
 G = Mean time per level.
                   A        B        C        D        E       F      G
               +--------+--------+--------+--------+--------+-----+--------+
         Total |   1250 |   1232 |     18 |    294 |    708 |   2 |  625.0 |
       Dungeon |   1250 |   1232 |     18 |    294 |    708 |   2 |  625.0 |
               +--------+--------+--------+--------+--------+-----+--------+

Top non-repeatable levels by time:
     D:1: 1032 daAuts
     D:2: 217 daAuts
